 Dungeon Crawl Stone Soup version 0.26.0-20-g3ca415f5b8 (webtiles) character file.

Game seed: 5396466237976298566

18 EnegeticOcto the Chopper (level 2, 0/28 HPs)
             Began as a Gargoyle Berserker on Jan 24, 2021.
             Was a Follower of Trog.
             Slain by Natasha (5 damage)
             ... on level 2 of the Dungeon.
             The game lasted 00:01:17 (262 turns).

EnegeticOcto the Chopper (Gargoyle Berserker)        Turns: 262, Time: 00:01:18

Health: 0/28       AC:  4    Str: 26    XL:     2   Next: 70%
Magic:  2/2        EV: 11    Int:  7    God:    Trog [*.....]
Gold:   34         SH:  2    Dex:  9    Spells: 1/1 levels left

rFire    . . .     SeeInvis .   a - +0 hand axe
rCold    . . .     Faith    .   g - +0 buckler
rNeg     + . .     Spirit   .   b - +0 animal skin
rPois    ∞         Reflect  .   (no helmet)
rElec    +         Harm     .   (no cloak)
rCorr    .         Rampage  .   (no gloves)
Will     .....                  (no boots)
Stlth    ..........             (no amulet)
HPRegen  0.09/turn              d - +6 ring of strength
MPRegen  0.08/turn              (no ring)

@: berserking, very quick
A: negative energy resistance 1, electricity resistance, unbreathing,
petrification resistance, miasma immunity, AC +2
a: Renounce Religion, Berserk


You were on level 2 of the Dungeon.
You worshipped Trog.
Trog was aware of your devotion.
You visited 1 branch of the dungeon, and saw 2 of its levels.

You collected 34 gold pieces.

Inventory:

Hand Weapons
 a - a +0 hand axe (weapon)
Armour
 b - a +0 animal skin (worn)
 g - a +0 buckler (worn)
   (You found it on level 1 of the Dungeon)
Jewellery
 d - a +6 ring of strength (left hand)
   (You found it on level 1 of the Dungeon)
Scrolls
 c - 2 scrolls of remove curse {unknown}
 e - a scroll of teleportation {unknown}
 f - a scroll of random uselessness {unknown}
Potions
 h - a potion of magic {unknown}


   Skills:
 - Level 3.2 Fighting
 + Level 3.5 Axes
 - Level 2.1 Armour
 - Level 1.5 Dodging


You had one spell level left.
You didn't know any spells.
Your spell library was empty.

Dungeon Overview and Level Annotations

Branches:
Dungeon (2/15)

Altars:

Annotations:
D:2 Natasha


Innate Abilities, Weirdness & Mutations

You are resistant to torment.
Your stone body is resilient. (AC +2)
You are immune to poison.
You resist negative energy. (rN+)
You are resistant to electric shocks. (rElec)
You can survive without breathing.
You are immune to petrification.
You are immune to miasma.


Message History

You see here a giant cockroach corpse.
There is a stone staircase leading up here.
You climb upwards.
Found a runed robe and a scroll labelled XAGUTI UMIM.
There is a stone staircase leading down here.
You see here a runed robe.
A hobgoblin comes into view.
The hobgoblin shouts!
You see here a scroll labelled XAGUTI UMIM.
c - 2 scrolls labelled XAGUTI UMIM (gained 1)
You hit the hobgoblin.
The hobgoblin is heavily wounded.
The hobgoblin hits you.
You hit the hobgoblin.
You kill the hobgoblin!
Trog accepts your kill.
You see here a hobgoblin corpse.
(D) Dungeon
Where to? (Enter - D:2, ? - help)
You see here a runed robe.
There is a stone staircase leading down here.
You climb downwards.
There is a stone staircase leading up here.
h - an emerald potion A goblin comes into view.
It is wielding a +0 club.
The goblin shouts!
You hit the goblin.
The goblin is moderately wounded.
You block the goblin's attack.
You hit the goblin.
The goblin is severely wounded.
The goblin hits you but does no damage.
You slash the goblin!
You kill the goblin!
Trog accepts your kill.
A hobgoblin comes into view. It is wielding a +0 club.
The hobgoblin shouts!
A giant cockroach comes into view.
The hobgoblin hits you but does no damage.
You slash the hobgoblin!
You kill the hobgoblin!
Trog accepts your kill.
You closely miss the giant cockroach.
The giant cockroach bites you but does no damage.
You closely miss the giant cockroach.
The giant cockroach bites you but does no damage.
You closely miss the giant cockroach. You block the giant cockroach's attack.
The giant cockroach bites you.
You hit the giant cockroach.
The giant cockroach is moderately wounded.
The giant cockroach misses you.
You hit the giant cockroach but do no damage.
The giant cockroach is moderately wounded.
The giant cockroach bites you but does no damage.
You block the giant cockroach's attack.
You closely miss the giant cockroach.
The giant cockroach is moderately wounded.
The giant cockroach closely misses you.
You hit the giant cockroach.
The giant cockroach is severely wounded.
The giant cockroach bites you but does no damage. x2
You barely miss the giant cockroach.
The giant cockroach is severely wounded.
The giant cockroach barely misses you.
You hit the giant cockroach.
You kill the giant cockroach!
Trog accepts your kill.
Things that are here:
a +0 club; a giant cockroach corpse; a hobgoblin corpse
Found a spear.
Found 13 gold pieces.
You now have 34 gold pieces (gained 13).
Natasha, Servant of Life and Death comes into view.
Natasha hisses angrily.
Found 10 gold pieces.
A red film seems to cover your vision as you go berserk!
You feel yourself moving faster!
You feel mighty!
Natasha mumbles some strange words.
You slash Natasha!
Natasha is heavily wounded.
You slash the shadow imp! You hit Natasha.
Natasha is heavily wounded.
You closely miss the shadow imp. Natasha claws you.
The shadow imp barely misses you.
You barely miss Natasha.
Natasha is heavily wounded.
You hit the shadow imp.
You kill the shadow imp!
Natasha mumbles some strange words.
You hit Natasha.
Natasha is almost dead.
Natasha claws you!
* * * LOW HITPOINT WARNING * * *
You barely miss Natasha.
Natasha is almost dead.
You barely miss Natasha.
Natasha is almost dead.
You hit the white imp. Natasha claws you.
You die...

#. # .. ## #. #. # .##.
# ... # #..##
########### ##...#
###.......... ##..5h#
##......######
##....@###.........# #
#................#.####
##.....###.............
##...$# ##...#.....)..
.............###.#.####
#......#####..#..#.# #
#.###..# #.#.#.#.# # #.
#..# #.#.....# # #..
#.. .#... .


You could see Natasha and a white imp (summoned).

Vanquished Creatures
  A leopard gecko (D:1)
  2 giant cockroaches (D:2)
  6 goblins
  3 hobgoblins
  A bat (D:1)
  A frilled lizard (D:1)
  A rat (D:1)
15 creatures vanquished.

Notes
Turn   | Place    | Note
-------+----------+-------------------------------------------
     0 | D:1      | EnegeticOcto the Gargoyle Berserker began the quest for the
                  | Orb.
     0 | D:1      | Reached XP level 1. HP: 14/14 MP: 1/1
    76 | D:1      | Reached skill level 3 in Axes
    88 | D:1      | Reached XP level 2. HP: 6/19 MP: 2/2
   254 | D:2      | Noticed Natasha
   262 | D:2      | Slain by Natasha

Illustrated notes

Levels and vault maps discovered:
D:1:      minmay_arrival_diagonal_passages, layout_basic, dk_noncrumbling_3
D:2:      layout_loops_ring, general_overflow_altar, grunt_dithmenos_smoke,
          uniq_natasha

Skill      XL: |  1 |
---------------+----+-----
Axes           | 3 |  3.5
Fighting       | |  3.2
Armour         | |  2.1
Dodging        | |  1.5

Action                   || total
-------------------------++-------
Melee: Hand axe          ||    65
Invok: Berserk           ||     2
Armor: Animal skin       ||    24
Dodge: Dodged            ||    40
Block: Buckler           ||     4
